 Dungeon Crawl Stone Soup version 0.23.2 (webtiles) character file.

Game seed: 14682168456430854056

459 Llamajah the Ducker (level 6, -2/47 HPs)
             Began as a Demonspawn Gladiator on June 13, 2019.
             Slain by an ogre
             ... wielding a +0 giant club
              (6 damage)
             ... on level 5 of the Dungeon.
             The game lasted 00:08:14 (2969 turns).

Llamajah the Ducker (Demonspawn Gladiator)          Turns: 2969, Time: 00:08:15

Health: -2/47      AC:  7    Str: 15    XL:     6   Next: 78%
Magic:  6/6        EV: 13    Int: 10    God:
Gold:   187        SH:  0    Dex: 15    Spells: 5/5 levels left

rFire    . . .     SeeInvis .   j - +3 whip
rCold    . . .     Gourm    .   (no shield)
rNeg     . . .     Faith    .   g - +0 ring mail
rPois    .         Spirit   .   (helmet restricted)
rElec    .         Reflect  .   (no cloak)
rCorr    .         Harm     .   (no gloves)
MR       .....                  (no boots)
Stlth    +.........             (no amulet)
HPRegen  0.15/turn              (no ring)
MPRegen  0.10/turn              (no ring)

@: no status effects
A: horns 1, thin metallic scales 1, spiny 1
a: no special abilities


You were on level 5 of the Dungeon.
You were not hungry.

You visited 1 branch of the dungeon, and saw 6 of its levels.

You collected 187 gold pieces.

Inventory:

Hand Weapons
 a - a +0 long sword
 j - a +3 whip (weapon)
 y - a +1 mace of protection
Missiles
 t - a tomahawk (quivered)
Armour
 b - a +0 leather armour
 c - a +0 helmet
 g - a +0 ring mail (worn)
Wands
 m - a wand of polymorph (11)
 v - a wand of digging (2)
Scrolls
 d - a scroll of random uselessness {unknown}
 i - 3 scrolls of magic mapping {unknown}
 l - a scroll of enchant weapon {unknown}
 n - 3 scrolls of teleportation {unknown}
 o - a scroll of enchant armour {unknown}
 p - a scroll of fog {unknown}
 r - a scroll of remove curse
 w - a scroll of immolation {unknown}
Potions
 e - a potion of ambrosia {unknown}
 h - a potion of haste
 k - a potion of mutation
 q - 2 potions of brilliance
 s - 2 potions of invisibility
 u - 2 potions of berserk rage {unknown}
Comestibles
 f - 10 rations
 x - 14 chunks of flesh


   Skills:
 + Level 3.0 Fighting
 + Level 3.5 Long Blades
 + Level 1.9 Maces & Flails
 + Level 2.8 Throwing
 * Level 3.0 Armour
 * Level 4.2 Dodging


You had 5 spell levels left.
You didn't know any spells.
Your spell library was empty.

Dungeon Overview and Level Annotations

Branches:
Dungeon (6/15)
 Temple: D:4-7

Altars:
Makhleb


Innate Abilities, Weirdness & Mutations

You have a pair of small horns on your head.
You are partially covered in thin metallic scales. (AC +2)
You are partially covered in sharp spines.


Message History

The ogre is lightly wounded.
The ogre hits you with a +0 giant club!!
You are too injured to fight recklessly!
You are too injured to fight recklessly!
You hit the ogre.
The ogre is moderately wounded.
The ogre closely misses you.
You whack the ogre!
The ogre is heavily wounded.
The ogre hits you with a +0 giant club!
* * * LOW HITPOINT WARNING * * *
You completely miss the ogre.
The ogre is heavily wounded.
You barely miss the ogre.
The ogre is heavily wounded.
The ogre is struck by your spines. The ogre misses you.
You completely miss the ogre. You headbutt the ogre!
The ogre is almost dead.
The ogre hits you with a +0 giant club.
You die...

+...............>.)......#
#...(....................#
.........).......#########
.......##)###....#######
.......##'####.........#
....................=..#
.....##................#
.....##................#
.....####+##....@......#
#..?.O......#
#...........#
#...........#
.............#
..............#
...............
............^..


You could see an ogre.

Vanquished Creatures
  2 ogres
  A howler monkey (D:4)
  A jelly (D:5)
  3 orc wizards
  A hound skeleton (D:5)
  4 adders
  An ooze (D:2)
  5 worms
  2 dart slugs
  A leopard gecko (D:4)
  15 orcs
  2 giant cockroaches
  8 goblins
  4 hobgoblins
  4 jackals (D:2)
  2 quokkas (D:3)
  6 bats
  3 frilled lizards
  3 kobolds
  4 rats
72 creatures vanquished.

Notes
Turn   | Place    | Note
-------+----------+-------------------------------------------
     0 | D:1      | Llamajah the Demonspawn Gladiator began the quest for the
                  | Orb.
     0 | D:1      | Reached XP level 1. HP: 16/16 MP: 1/1
   223 | D:1      | Gained mutation: You are partially covered in thin metallic
                  | scales. (AC +2) [demonic ancestry]
   223 | D:1      | Reached XP level 2. HP: 22/22 MP: 2/2
   441 | D:1      | Reached skill level 3 in Dodging
   685 | D:2      | Reached skill level 1 in Armour
   758 | D:2      | Reached XP level 3. HP: 22/27 MP: 3/3
  1321 | D:2      | Found a burning altar of Makhleb.
  1428 | D:3      | Gained mutation: You are partially covered in sharp spines.
                  | [demonic ancestry]
  1428 | D:3      | Reached XP level 4. HP: 30/33 MP: 4/4
  1624 | D:3      | Noticed an ogre
  1641 | D:3      | Killed an ogre
  1641 | D:3      | Reached skill level 1 in Maces & Flails
  1641 | D:3      | Gained mutation: You have a pair of small horns on your
                  | head. [demonic ancestry]
  1641 | D:3      | Reached XP level 5. HP: 9/39 MP: 5/5
  2797 | D:4      | Reached XP level 6. HP: 42/46 MP: 6/6
  2804 | D:4      | Reached skill level 4 in Dodging
  2890 | D:4      | You fall through a shaft for 2 floors!
  2891 | D:6      | Noticed a sky beast
  2897 | D:5      | Entered Level 5 of the Dungeon
  2969 | D:5      | Slain by an ogre

Skill      XL: |  1  2  3  4  5  6 |
---------------+-------------------+-----
Dodging        | 3 4 |  4.2
Armour         | 1 2 3 |  3.0
Throwing       | 2 |  2.8
Long Blades    | 3 |  3.5
Maces & Flails | 1 |  1.9
Fighting       | 3 |  3.0

Action                   |  1- 3 |  4- 6 || total
-------------------------+-------+-------++-------
Melee: Long sword        |    14 |       ||    14
       Whip              |   107 |    93 ||   200
       Headbutt          |       |    11 ||    11
Throw: Throwing net      |       |     4 ||     4
  Use: Scroll            |       |     6 ||     6
  Eat: Chunk             |     2 |     5 ||     7
Armor: Leather armour    |     3 |       ||     3
       Ring mail         |    45 |    19 ||    64
Dodge: Dodged            |    70 |    58 ||   128
       Rpst.: Long sword |     8 |       ||     8
